 Dungeon Crawl Stone Soup version 0.29-a0-284-gf9362112df (console) character file.

Game seed: 916953347902974614

122528 jejorda2 the Thrower (level 16, -13/99 HPs)
             Began as a Tengu Brigand on Mar 24, 2022.
             Was a High Priest of Okawaru.
             Mangled by a reaper
             ... wielding a +1 vorpal scythe
              (28 damage)
             ... in a Gauntlet.
             The game lasted 01:41:52 (25360 turns).

jejorda2 the Thrower (Tengu Brigand)               Turns: 25360, Time: 01:41:53

Health: -13/99     AC: 15    Str: 14    XL:     16   Next: 88%
Magic:  18/23      EV: 24    Int: 15    God:    Okawaru [*****.]
Gold:   1796       SH: 15    Dex: 20    Spells: 16/21 levels left

rFire   . . .      SeeInvis .   a - +2 dagger (elec)
rCold   + . .      Faith    .   K - +3 buckler of Ashenzari's Pride {Int+2 Stlth+}
rNeg    . . .      Spirit   .   H - +0 troll leather armour
rPois   .          Reflect  +   I - +3 hat of Moubehui {rC+}
rElec   .          Harm     .   c - +0 cloak
rCorr   .          Rampage  .   f - +2 pair of gloves
Will    ++...      NoTele   +   (boots unavailable)
Stlth   ++++......              m - amulet of reflection
HPRegen 1.06/turn               X - ring of willpower
MPRegen 0.18/turn               o - +4 ring of protection

@: finesse-ful, flying quickly and evasively, quick
A: beak, talons 3, nimble flight
a: Renounce Religion, Heroism, Finesse, Duel


You were in a Gauntlet.
You worshipped Okawaru.
Okawaru was extremely pleased with you.
You visited 3 branches of the dungeon, and saw 20 of its levels.
You also visited: Gauntlet and Ice Cave.

You collected 2046 gold pieces.
You spent 250 gold pieces at shops.

Inventory:

Hand Weapons
 a - a +2 dagger of electrocution (weapon)
 b - the +8 hunting sling of the Moon {speed, Fly rC+}
   (You found it on level 3 of the Lair of Beasts)

   Attacks with this weapon are significantly faster.
   rC:        It protects you from cold.
   Fly:       It grants you flight.
 w - the +2 rapier of Okawaru's Grace {vorpal, rPois rCorr}
   (Okawaru gifted it to you on level 5 of the Lair of Beasts)

   It inflicts extra damage upon your enemies.
   rPois:     It protects you from poison.
   rCorr:     It protects you from acid and corrosion.
Missiles
 d - 57 poisoned darts (quivered)
 e - 3 curare-tipped darts
 j - a throwing net
 k - 21 boomerangs
 r - 5 silver boomerangs
 A - 11 silver javelins
 C - 19 boomerangs of dispersal
 E - 14 javelins
 J - 10 atropa-tipped darts
 T - 3 datura-tipped darts
Armour
 c - a +0 cloak (worn)
 f - a +2 pair of gloves (worn)
 H - a +0 troll leather armour (worn)
 I - the +3 hat of Moubehui (worn) {rC+}
   (Okawaru gifted it to you on level 11 of the Dungeon)

   rC:        It protects you from cold.
 K - the +3 buckler of Ashenzari's Pride (worn) {Int+2 Stlth+}
   (You found it in an ice cave)

   Int:       It affects your intelligence (+2).
   Stlth:     It makes you more stealthy.
Jewellery
 m - an amulet of reflection (around neck)
 o - a +4 ring of protection (right hand)
 u - a ring of protection from fire
 v - a ring of protection from fire
 D - a ring of positive energy
 U - a ring of resist corrosion
 X - a ring of willpower (left hand)
Wands
 g - a wand of flame (59)
 h - a wand of mindburst (3)
 n - a wand of iceblast (7)
 q - a wand of polymorph (4)
 P - a wand of digging (14)
 Y - a wand of paralysis (3)
Scrolls
 l - 9 scrolls of identify
 t - a scroll of amnesia
 y - a scroll of fog
 F - 3 scrolls of blinking
 G - 17 scrolls of teleportation
 N - a scroll of magic mapping
Potions
 i - 2 potions of heal wounds
 p - 3 potions of lignification
 s - 2 potions of mutation
 x - 4 potions of ambrosia
 z - 10 potions of curing
 B - 2 potions of invisibility
 M - 4 potions of might
 V - 2 potions of resistance
 Z - a potion of haste
Miscellaneous
 Q - a phial of floods


   Skills:
 + Level 10.6 Fighting
 - Level 10.0 Short Blades
 - Level 1.2(8.6) Slings
 + Level 13.3 Throwing
 - Level 3.0 Armour
 - Level 13.3 Dodging
 - Level 4.0 Stealth
 - Level 10.3 Shields
 - Level 3.0 Spellcasting
 * Level 4.5 Translocations
 - Level 6.0 Air Magic
 - Level 8.7 Invocations
 - Level 8.0 Evocations


You had 16 spell levels left.
You knew the following spells:

 Your Spells              Type           Power      Damage    Failure   Level
k - Blink                 Tloc           32%        N/A       7%          2
S - Swiftness             Air            20%        N/A       8%          3

Your spell library contained the following spells:

 Spells                   Type           Power      Damage    Failure   Level
 Apportation              Tloc           32%        N/A       4%          1
 Poisonous Vapours        Pois/Air       22%        N/A       13%         2
 Gell's Gravitas          Tloc           16%        N/A       14%         3
 Beastly Appendage        Tmut           4%         N/A       30%         1
 Foxfire                  Conj/Fire      8%         2x1d4     30%         1
 Sandblast                Erth           4%         2d4       30%         1
 Sting                    Tmut/Pois      8%         1d3       30%         1
 Portal Projectile        Hex/Tloc       18%        N/A       34%         3
 Ensorcelled Hibernation  Hex/Ice        4%         N/A       41%         2
 Passwall                 Tmut/Erth      1%         N/A       41%         2
 Sublimation of Blood     Necr           2%         N/A       41%         2
 Wereblood                Tmut           2%         N/A       41%         2
 Conjure Flame            Conj/Fire      2%         6-21      65%         3
 Inner Flame              Hex/Fire       2%         N/A       65%         3
 Ozocubu's Armour         Ice            2%         N/A       65%         3
 Spider Form              Tmut/Pois      2%         N/A       65%         3
 Stone Arrow              Conj/Erth      4%         3d7       65%         3
 Iskenderun's Mystic Bla  Conj/Tloc      9%         2d4       75%         4
 Anguish                  Hex/Necr       1%         N/A       96%         4
 Flame Wave               Conj/Fire      2%         2d4       96%         4
 Fulminant Prism          Conj/Hex       1%         3d6       96%         4
 Leda's Liquefaction      Hex/Erth       1%         N/A       96%         4
 Olgreb's Toxic Radiance  Pois           2%         N/A       96%         4
 Petrify                  Tmut/Erth      2%         N/A       96%         4
 Alistair's Intoxication  Tmut/Pois      1%         N/A       100%        5
 Borgnjor's Vile Clutch   Necr/Erth      1%         N/A       100%        5
 Irradiate                Conj/Tmut      1%         3d13      100%        5
 Lee's Rapid Deconstruct  Erth           1%         3d5*      100%        5
 Metabolic Englaciation   Hex/Ice        1%         N/A       100%        5
 Statue Form              Tmut/Erth      1%         N/A       100%        6
 Enfeeble                 Hex            1%         N/A       100%        7
 Storm Form               Tmut/Air       5%         N/A       100%        7
 Maxwell's Capacitive Co  Air            10%        ∞         100%        8
 Call Canine Familiar     Summ           Unusable   N/A       N/A         3
 Tukima's Dance           Hex            Unusable   N/A       N/A         3
 Summon Lightning Spire   Summ/Air       Unusable   N/A       N/A         4
 Simulacrum               Ice/Necr       Unusable   N/A       N/A         6

Dungeon Overview and Level Annotations

Branches:
Dungeon (13/15)            Temple (1/1) D:5            Lair (6/6) D:11
  Swamp (0/4) Lair:2       Spider (0/4) Lair:2        Slime (0/5) Lair:5
    Orc (0/2) D:9          Vaults (0/5) D:13          IceCv (visited)
Gauntlet (1/1)

Altars:
Ashenzari
Dithmenos
Elyvilon
Fedhas
Gozag
Hepliaklqana
Kikubaaqudgha
Makhleb
Nemelex Xobeh
Okawaru
Qazlal
Ru
Sif Muna
Trog
Vehumet
Wu Jian
Xom
Yredelemnul
The Shining One
Beogh
Jiyva

Shops:
D:2 [   D:7 *   D:8 [   D:10 *   D:11 (

Portals:
Hell: Lair:6
Abyss: Lair:5
Trove: D:10 (give 8 scrolls of blinking)

Annotations:
Gauntlet 7 transporters


Innate Abilities, Weirdness & Mutations

You have a beak for a mouth.
You have claws for feet.
Your magical nature lets you fly swiftly and evasively.


Message History

There is a transporter here.
L - a pink potion
As you read the scroll of identify, it crumbles to dust.
L - a potion of experience You feel more experienced!
Your Translocations skill gained 4 levels and is now at level 4!
You have reached level 16!
You feel stronger.
The reaper shouts, "Die, jejorda2!"
There is a transporter here.
You enter the transporter and appear at another place.
The shadow imp shouts, "Relinquish hope, thou froward ditch-delivered efter!"
There is a transporter here.
You enter the transporter and appear at another place.
You block the shadow imp's attack.
The reaper hits you with a +1 vorpal scythe!
You hit the reaper but do no damage. Your kick misses the reaper.
You peck the reaper, but do no damage. You hit the reaper. You claw the reaper.
Your peck misses the reaper.
The reaper is lightly wounded.
You block the shadow imp's attack.
The reaper hits you with a +1 vorpal scythe!!
You hit the reaper but do no damage. Your kick misses the reaper.
Your peck misses the reaper.
The reaper is lightly wounded.
You barely miss the reaper. You claw the reaper, but do no damage.
You peck the reaper.
The reaper is lightly wounded.
The shadow imp misses you. The reaper completely misses you.
You hit the reaper but do no damage. You claw the reaper, but do no damage.
The reaper is lightly wounded.
You can now deal lightning-fast blows.
The reaper hits you with a +1 vorpal scythe!!!
* * * LOW HITPOINT WARNING * * *
x2 You block the shadow imp's attack.
You hit the reaper but do no damage.
The reaper is lightly wounded.
The shadow imp closely misses you.
The reaper hits you with a +1 vorpal scythe!!
You die...

##########################
#≈#≈#§#≈#≈#§#≈#§#≈#≈#≈#≈#≈
##.........................
#≈.........................
##..#########..#########..#
#≈..#...#.@.#..#...^...#..#
##..#.#.#5#2#..#.##.##.#..# ##
#≈..#[#.#.#.#####..#..##### ...
##..#©##©##.#©©#©##©##.#©©# #..
#≈..#$#.#.#.#####..#..#####
##..###..#)#.#.#.#..#.##.##.#..#
......#..#2..#...#..#...^...#..#
##...©#..#########..#########..#
##....#.∩.......................


You could see a reaper and a shadow imp.

Vanquished Creatures
  An azure jelly (IceCv)
  2 quicksilver oozes (IceCv)
  A dire elephant (Lair:6)
  The ghost of spaghetti the Spry, a journeyman OpIE of Yredelemnul (Lair:5)
  Josephine (Lair:5)
  7 hydras
  A centaur warrior (D:13)
  4 death yaks (Lair:3)
  3 two-headed ogres
  A tengu warrior (Gauntlet)
  A soul eater (Lair:5)
  A sixfirhy (Lair:6)
  A deep elf archer (D:13)
  2 bog bodies (Lair:2)
  Pikel (D:4)
  A deep elf pyromancer (D:13)
  A wizard (Lair:6)
  2 deep elf zephyrmancers (D:13)
  3 manticores
  3 cyclopes
  10 elephants
  A rust devil (Lair:5)
  Joseph (Lair:1)
  10 black mambas
  2 ice statues (IceCv)
  2 orange demons (Lair:6)
  4 gargoyles
  A smoke demon (Lair:6)
  A hellion (Lair:5)
  15 cane toads
  7 rime drakes
  11 komodo dragons
  4 kobold demonologists (D:12)
  A tengu conjurer (Gauntlet)
  Maggie (D:5)
  5 entropy weaver simulacra (IceCv)
  5 ice devils
  An efreet (D:13)
  An ancient zyme (Lair:5)
  A red devil (Lair:6)
  A polar bear (Lair:5)
  3 trolls
  26 slime creatures
  Prince Ribbit (Lair:1)
  19 blink frogs
  A hornet (Lair:5)
  25 dream sheep
  A raiju (Lair:5)
  A spriggan (Lair:5)
  5 wraiths
  11 wyverns
  2 shadows
  70 yaks
  2 steam dragons
  A large abomination (Lair:5)
  8 basilisks
  3 vampire mosquitoes
  2 swamp worms (D:11)
  2 redbacks (Lair:2)
  27 water moccasins
  3 acid dragons
  5 demonic crawler simulacra (IceCv)
  6 hell hounds
  An ice beast (D:5)
  3 ugly thing simulacra (IceCv)
  4 orc warriors
  3 sky beasts
  4 black bears
  A boggart (D:13)
  6 ogres
  17 wolves
  7 centaurs
  9 kobold brigands
  A phantom (D:6)
  4 lemures
  13 bullfrogs
  3 glowing shapeshifter simulacra (IceCv)
  A gnoll sergeant (D:6)
  2 scorpions
  2 necrophages
  8 wights
  6 howler monkeys
  An electric eel (Lair:2)
  A jelly (D:7)
  11 orc priests
  3 gnoll shamans
  4 hounds
  Crazy Yiuf (D:6)
  3 iguanas
  10 hell rats
  10 orc wizards
  16 gnolls
  8 adders
  A shadow imp (D:5)
  3 white imps
  2 dart slugs
  61 orcs
  6 endoplasms
  6 giant cockroaches
  3 goblins
  4 hobgoblins
  38 kobolds
  7 quokkas
  5 ball pythons
  10 bats
  5 frilled lizards
  6 rats
667 creatures vanquished.

Vanquished Creatures (others)
  An ogre mage (D:13)
  A yak (Lair:5)
  An ufetubus (D:5)
  39 fungi
  37 plants
  A withered plant (Gauntlet)
80 creatures vanquished.

Grand Total: 747 creatures vanquished

Notes
Turn   | Place    | Note
-------+----------+-------------------------------------------
     0 | D:1      | jejorda2 the Tengu Brigand began the quest for the Orb.
     0 | D:1      | Reached XP level 1. HP: 12/12 MP: 2/2
    47 | D:1      | Found a faded altar of an unknown god.
   167 | D:1      | Reached XP level 2. HP: 17/17 MP: 3/3
   519 | D:1      | Reached XP level 3. HP: 22/22 MP: 4/4
  1224 | D:2      | Reached XP level 4. HP: 24/27 MP: 5/5
  1283 | D:2      | Found Kuygavve's Armour Boutique.
  2073 | D:3      | Gained mutation: Your magical nature lets you fly swiftly
                  | and evasively. [Tengu growth]
  2073 | D:3      | Reached XP level 5. HP: 10/32 MP: 6/6
  2470 | D:3      | Found a shimmering altar of Xom.
  3006 | D:4      | Noticed a lemure
  3029 | D:4      | Killed a lemure
  3207 | D:4      | Noticed a lemure
  3253 | D:3      | Reached XP level 6. HP: 33/37 MP: 7/7
  3313 | D:4      | Found a burning altar of Makhleb.
  3313 | D:4      | Found a stormy altar of Qazlal.
  4458 | D:4      | Noticed Pikel
  4591 | D:4      | Killed Pikel
  4592 | D:4      | Reached skill level 5 in Short Blades
  4592 | D:4      | Reached XP level 7. HP: 30/44 MP: 8/8
  4913 | D:5      | Entered Level 5 of the Dungeon
  4939 | D:4      | Reached XP level 8. HP: 23/48 MP: 9/9
  5266 | D:5      | Reached skill level 5 in Fighting
  5874 | D:5      | Found a staircase to the Ecumenical Temple.
  5916 | Temple   | Entered the Ecumenical Temple
  6150 | Temple   | Became a worshipper of Warmaster Okawaru
  6191 | D:5      | Found a blossoming altar of Fedhas.
  6531 | D:6      | Noticed Maggie
  6537 | D:5      | Killed Maggie
  6538 | D:5      | Reached skill level 1 in Invocations
  6538 | D:5      | Reached XP level 9. HP: 55/55 MP: 9/11
  6578 | D:5      | Reached * piety under Okawaru
  7500 | D:6      | Reached ** piety under Okawaru
  7934 | D:6      | Found a runed translucent door.
  7935 | D:6      | Noticed Crazy Yiuf
  7950 | D:6      | Killed Crazy Yiuf
  8597 | D:7      | Found Pohuock's Assorted Antiques.
  8605 | D:7      | Bought a colourful robe for 188 gold pieces
  8605 | D:7      | Identified the +1 robe of Unreason {Str+4 Dex+2} (You
                  | bought it in a shop on level 7 of the Dungeon)
  8780 | D:7      | You are sucked into a shaft and drop 2 floors!
  8891 | D:8      | Reached XP level 10. HP: 53/60 MP: 10/13
  8903 | D:8      | Noticed a two-headed ogre
  8910 | D:8      | Killed a two-headed ogre
  8911 | D:8      | Reached skill level 10 in Throwing
  9094 | D:8      | Reached *** piety under Okawaru
  9758 | D:8      | Found Keyteag's Antique Armour Emporium.
 10351 | D:9      | Reached skill level 1 in Shields
 10659 | D:9      | Noticed a two-headed ogre
 10666 | D:9      | Killed a two-headed ogre
 10666 | D:9      | Reached **** piety under Okawaru
 10697 | D:9      | Reached skill level 5 in Invocations
 10810 | D:9      | Received a gift from Okawaru
 10976 | D:9      | Found a staircase to the Orcish Mines.
 11369 | D:9      | Received a gift from Okawaru
 11370 | D:9      | Reached XP level 11. HP: 37/64 MP: 15/15
 11708 | D:10     | Entered Level 10 of the Dungeon
 12039 | D:10     | Found a portal to a secret trove of treasure.
 12496 | D:9      | Received a gift from Okawaru
 12812 | D:10     | Found Irchol's General Store.
 12832 | D:10     | Reached ***** piety under Okawaru
 13283 | D:11     | Noticed a cyclops
 13291 | D:11     | Killed a cyclops
 13292 | D:11     | Reached skill level 10 in Short Blades
 13330 | D:11     | Found a staircase to the Lair.
 13385 | D:11     | Found Xitasun's Antique Weapon Shoppe.
 13396 | D:11     | Identified the +3 hat of Moubehui {rC+} (Okawaru gifted it
                  | to you on level 11 of the Dungeon)
 13396 | D:11     | Received a gift from Okawaru
 13397 | D:11     | Reached skill level 1 in Armour
 13440 | D:11     | Found a frozen archway.
 13489 | IceCv    | Entered an ice cave
 14245 | IceCv    | Reached skill level 5 in Dodging
 14270 | IceCv    | Reached XP level 12. HP: 57/70 MP: 18/18
 14665 | IceCv    | Noticed a quicksilver ooze
 14673 | IceCv    | Killed a quicksilver ooze
 14690 | IceCv    | Noticed a quicksilver ooze
 14704 | IceCv    | Killed a quicksilver ooze
 14871 | IceCv    | Found a viscous altar of Jiyva.
 14871 | IceCv    | Noticed an azure jelly
 14910 | IceCv    | Killed an azure jelly
 14910 | IceCv    | Received a gift from Okawaru
 14981 | IceCv    | Identified the +3 buckler of Ashenzari's Pride {Int+2
                  | Stlth+}
 15307 | D:11     | Reached skill level 1 in Slings
 15326 | D:11     | Received a gift from Okawaru
 15821 | Lair:1   | Entered Level 1 of the Lair of Beasts
 15910 | Lair:1   | Received a gift from Okawaru
 15911 | Lair:1   | Reached XP level 13. HP: 78/78 MP: 20/20
 16341 | Lair:1   | Noticed Joseph
 16377 | Lair:1   | Killed Joseph
 16377 | Lair:1   | Received a gift from Okawaru
 16385 | Lair:1   | Reached skill level 10 in Dodging
 16536 | Lair:1   | Noticed Prince Ribbit
 16559 | Lair:1   | Killed Prince Ribbit
 16560 | Lair:1   | Reached skill level 1 in Evocations
 16893 | Lair:2   | Found a hole to the Spider Nest.
 16937 | Lair:2   | Learned a level 3 spell: Swiftness
 17064 | Lair:2   | Received a gift from Okawaru
 17169 | Lair:2   | Reached skill level 1 in Spellcasting
 17449 | Lair:2   | Found a staircase to the Swamp.
 17645 | Lair:3   | Received a gift from Okawaru
 17791 | Lair:3   | Received a gift from Okawaru
 17900 | Lair:3   | Reached ****** piety under Okawaru
 17904 | Lair:3   | Received a gift from Okawaru
 17954 | Lair:3   | You are sucked into a shaft and drop 1 floor!
 18172 | Lair:3   | Identified the +8 hunting sling of the Moon {speed, Fly
                  | rC+}
 18441 | Lair:3   | Received a gift from Okawaru
 18442 | Lair:3   | Reached skill level 1 in Air Magic
 18733 | Lair:4   | Reached XP level 14. HP: 78/86 MP: 21/21
 18735 | Lair:4   | Received a gift from Okawaru
 18745 | Lair:4   | Reached skill level 5 in Evocations
 18902 | Lair:4   | Reached skill level 5 in Shields
 19128 | Lair:4   | Received a gift from Okawaru
 19605 | Lair:4   | Reached skill level 5 in Air Magic
 19695 | Lair:4   | Received a gift from Okawaru
 19715 | Lair:4   | Found the +8 whip "Snakebite" {venom, curare, rPois}
 20144 | Lair:5   | Found a transporter.
 20666 | Lair:5   | Identified the +2 rapier of Okawaru's Grace {vorpal, rPois
                  | rCorr} (Okawaru gifted it to you on level 5 of the Lair of
                  | Beasts)
 20666 | Lair:5   | Received a gift from Okawaru
 20901 | Lair:5   | Found a transporter.
 21158 | Lair:5   | Found a viscous altar of Jiyva.
 21159 | Lair:5   | Found a staircase to the Slime Pits.
 21211 | Lair:5   | Noticed spaghetti's ghost (journeyman OpIE)
 21377 | Lair:5   | Found a one-way gate to the infinite horrors of the Abyss.
 21468 | Lair:5   | Killed spaghetti's ghost
 21562 | Lair:6   | Entered Level 6 of the Lair of Beasts
 21562 | Lair:6   | Noticed Josephine
 21663 | Lair:5   | Killed Josephine
 21704 | Lair:5   | Received a gift from Okawaru
 21709 | Lair:5   | Reached XP level 15. HP: 70/90 MP: 22/22
 21912 | Lair:6   | Received a gift from Okawaru
 22783 | Lair:6   | Identified the +1 hat "Uresi" {+Blink rF+ MP+9 Int-5}
 22984 | Lair:6   | Identified the +1 hat "Olerch" {rPois rC- rN++ Dex+9}
                  | (Okawaru gifted it to you on level 6 of the Lair of Beasts)
 22984 | Lair:6   | Received a gift from Okawaru
 23328 | Lair:6   | Reached skill level 10 in Fighting
 23338 | Lair:6   | Reached skill level 10 in Shields
 23463 | Lair:6   | Found a burning altar of Makhleb.
 23468 | Lair:6   | Found a gateway to Hell.
 23834 | D:10     | Bought 2 silver javelins for 62 gold pieces
 24874 | D:13     | Found a gate to the Vaults.
 25014 | D:13     | Received a gift from Okawaru
 25045 | D:13     | Found a gate leading to a gauntlet.
 25054 | Gauntlet | Entered a Gauntlet
 25054 | Gauntlet | Found a transporter.
 25054 | Gauntlet | Found a transporter.
 25054 | Gauntlet | Found a transporter.
 25074 | Gauntlet | Found a transporter.
 25074 | Gauntlet | Found a transporter.
 25082 | Gauntlet | Found a transporter.
 25085 | Gauntlet | Found a transporter.
 25095 | Gauntlet | Found a transporter.
 25113 | Gauntlet | Found a transporter.
 25133 | Gauntlet | Found a transporter.
 25137 | Gauntlet | Found a transporter.
 25151 | Gauntlet | Found a transporter.
 25299 | Gauntlet | Got Sif Muna's Disquisition on Quantum Earth
 25303 | Gauntlet | Learned a level 2 spell: Blink
 25344 | Gauntlet | Reached XP level 16. HP: 99/99 MP: 23/23
 25360 | Gauntlet | Mangled by a reaper

Illustrated notes

Levels and vault maps discovered:
D:1:      dpeg_arrival_refuge, layout_loops_ring, ebering_ecumenical_altar_ruins
D:2:      minmay_general_purpose_star, layout_basic, serial_shops,
          nicolae_shop_window_shopping
D:3:      layout_loops_cross, marbit_many_paths
D:4:      layout_cave_pods, gammafunk_temple_overflow_wave, uniq_pikel
D:5:      layout_loops_ring, mainiacjoe_overflow_concentric_impassable,
          minmay_temple_entry_junction_2, kennysheep_pointless_box
D:6:      layout_cave_pools, minmay_unpleasant_kobolds, uniq_maggie,
          uniq_crazy_yiuf_cottage
D:7:      layout_basic, serial_shops, shop, nrook_loot_triangle, nrook_campfire
D:8:      layout_rooms, serial_shops, kennysheep_mini
D:9:      layout_roguey [special_room_orc], david_orc_2
D:10:     layout_cave_pools, nicolae_trove_entry_isolated, serial_shops,
          nicolae_take_the_stairs, grunt_decor_resistance
D:11:     layout_basic, lair_entry_dummy, serial_shops, shop,
          portal_ice_cave_demonic_guard, worms_lemuel
D:12:     layout_loops_ring
D:13:     layout_loops_ring, hangedman_vaults_entry_quadrant_bands,
          gauntlet_entry_generic
Temple:   regret_index_temple_mists
Lair:1:   layout_chaotic_city, grunt_megastairs_4, infiniplex_staircase_pool_2,
          lemuel_fruit_tree, uniq_joseph, uniq_prince_ribbit2
Lair:2:   layout_loops_ring, nicolae_swamp_entry_splash_gauntlet,
          spider_nest_entry_webs
Lair:3:   layout_hall_layers, serial_bayou_pond_a
Lair:4:   minmay_guarded_unrand_snakebite, layout_gridlike,
          hangedman_lair_generics_rect
Lair:5:   layout_long_grid, slime_altar_1, special_room
          [special_room_mythical_zoo], gammafunk_ghost_abyssal_escape
Lair:6:   evil_forest, layout_loops_ring, serial_bayou_pond_a,
          dreamdust_gnoll_shepherd, lemuel_fruit_fields, uniq_josephine
Gauntlet: minmay_gauntlet_mixed_big_or_small [nicolae_gauntlet_arena_quarters,
          minmay_gauntlet_arena_77_chump_sandwich,
          gammafunk_gauntlet_arena_crates, minmay_gauntlet_arena_77_braids,
          gammafunk_gauntlet_arena_chambers, minmay_gauntlet_arena_77_two_paths,
          gauntlet_exit_green]

Skill      XL: |  1  2  3  4  5  6  7  8  9 10 11 12 13 14 15 |
---------------+----------------------------------------------+-----
Short Blades   | 3 4 5 6 8 9 10 | 10.0
Throwing       | 3 4 6 8 9 11 12 13 | 13.3
Fighting       | 3 4 5 6 8 9 10 | 10.6
Invocations    | 1 3 5 7 8 |  8.7
Shields        | 2 4 9 10 | 10.3
Armour         | 3 |  3.0
Dodging        | 5 9 12 13 | 13.3
Slings         | 1 |  1.2
Evocations     | 4 8 |  8.0
Spellcasting   | 3 |  3.0
Air Magic      | 2 6 |  6.0
Translocations | 4 |  4.5
Stealth        | |  4.0

Action                   |  1- 3 |  4- 6 |  7- 9 | 10-12 | 13-15 | 16-18 || total
-------------------------+-------+-------+-------+-------+-------+-------++-------
Melee: Dagger            |    78 |   152 |   299 |   732 |  1961 |     6 ||  3228
       Peck              |    12 |    27 |    55 |   200 |   555 |     2 ||   851
       Kick              |    11 |    52 |    94 |   331 |   869 |     3 ||  1360
       Punch             |       |     2 |     5 |     3 |       |       ||    10
       Unarmed           |       |       |     1 |       |       |       ||     1
       Rapier            |       |       |       |       |    17 |       ||    17
 Fire: Fustibalus        |       |       |       |    21 |     6 |       ||    27
       Hunting sling     |       |       |       |       |    13 |       ||    13
Throw: Stone             |    87 |   112 |    27 |   309 |    71 |       ||   606
       Dart              |       |       |    12 |     6 |   201 |       ||   219
       Boomerang         |       |       |       |    36 |    17 |       ||    53
       Javelin           |       |       |       |    24 |    43 |       ||    67
Invok: Heroism           |       |       |     2 |     8 |     2 |       ||    12
       Finesse           |       |       |       |     3 |    12 |     1 ||    16
  Use: Scroll            |       |    10 |    11 |     2 |     6 |       ||    29
       Potion            |       |       |       |       |     4 |       ||     4
 Stab: Sleeping          |     4 |     3 |     4 |     3 |    14 |       ||    28
       Distracted        |       |       |       |       |     2 |       ||     2
       Invisible         |       |       |       |       |     2 |       ||     2
       Confused          |       |       |       |       |     1 |       ||     1
Armor: Leather armour    |    29 |    34 |    34 |       |       |       ||    97
       Steam dragon scal |       |       |    72 |    81 |       |       ||   153
       Troll leather arm |       |       |       |    37 |   202 |       ||   239
Dodge: Dodged            |    43 |    78 |   186 |   290 |   840 |     3 ||  1440
Block: Buckler           |       |       |       |    65 |   632 |     3 ||   700
       Reflection        |       |       |       |       |    11 |       ||    11

Table legend: (Time is in decaauts)
 A = Elapsed time spent in this place.
 B = Non-inter-level travel time spent in this place.
 C = Inter-level travel time spent in this place.
 D = Time resting spent in this place.
 E = Time spent auto-exploring this place.
 F = Levels seen in this place.
 G = Mean time per level.
                   A        B        C        D        E       F      G
               +--------+--------+--------+--------+--------+-----+--------+
         Total |  22433 |  21486 |    947 |   1935 |  14167 |  22 | 1019.7 |
       Dungeon |  14077 |  13449 |    628 |   1109 |   9695 |  13 | 1082.8 |
        Temple |    232 |    221 |     11 |      0 |    209 |   1 |  232.0 |
          Lair |   6504 |   6197 |    307 |    333 |   3774 |   6 | 1084.0 |
      Ice Cave |   1363 |   1363 |      0 |    492 |    356 |   1 | 1363.0 |
      Gauntlet |    255 |    255 |      0 |      0 |    131 |   1 |  255.0 |
               +--------+--------+--------+--------+--------+-----+--------+

Top non-repeatable levels by time:
     D:3: 1828 daAuts
     D:9: 1760 daAuts
     D:4: 1661 daAuts
     D:5: 1573 daAuts
  Lair:5: 1525 daAuts
  Lair:6: 1515 daAuts
   IceCv: 1363 daAuts
  Lair:4: 1093 daAuts
     D:8: 1044 daAuts
    D:11: 994 daAuts
    D:10: 955 daAuts
     D:7: 875 daAuts
     D:6: 847 daAuts
     D:1: 844 daAuts
  Lair:2: 812 daAuts
